 Dungeon Crawl Stone Soup version 0.23.2-1-ga50397a6bc (webtiles) character file.

Game seed: 16579233036544921068

15315 Tartanist the Grappler (level 12, -11/184 HPs)
             Began as a Troll Berserker on May 18, 2019.
             Was a High Priest of Trog.
             Mangled by a large slime creature (40 damage)
             ... on level 12 of the Dungeon.
             The game lasted 00:58:43 (9936 turns).

Tartanist the Grappler (Troll Berserker)            Turns: 9936, Time: 00:58:44

Health: -11/184    AC:  8    Str: 42    XL:     12   Next: 0%
Magic:  11/11      EV: 10    Int:  3    God:    Trog [*****.]
Gold:   305        SH:  0    Dex:  9    Spells: 11/11 levels left

rFire    . . .     SeeInvis .   a - +5 whip of Defenestration {elec, rC+ MR++ Str+2}
rCold    + + .     Gourm    +   (no shield)
rNeg     . . .     Faith    .   G - +2 animal skin
rPois    .         Spirit   .   (helmet restricted)
rElec    .         Reflect  .   (no cloak)
rCorr    .         Harm     .   (gloves unavailable)
MR       ++...                  (boots unavailable)
Stlth    ..........             s - amulet of regeneration
HPRegen  1.20/turn              z - ring of protection from cold
MPRegen  0.12/turn              q - +3 ring of strength

@: berserking, very quick
A: large, unfitting armour, claws 3, fast metabolism 3, gourmand, regeneration
1, shaggy fur 1, tough skin 3
a: Berserk, Trog's Hand, Brothers in Arms, Renounce Religion


You were on level 12 of the Dungeon.
You worshipped Trog.
Trog was extremely pleased with you.
You were full.

You visited 2 branches of the dungeon, and saw 13 of its levels.

You collected 662 gold pieces.
You spent 357 gold pieces at shops.

Inventory:

Hand Weapons
 a - the +5 whip of Defenestration (weapon) {elec, rC+ MR++ Str+2}
   (You found it on level 10 of the Dungeon)

   Occasionally, upon striking a foe, it will discharge some electrical energy
   and cause terrible harm.
   It affects your strength (+2).
   It protects you from cold.
   It affects your resistance to hostile enchantments.
 b - the +8 flail "Coemmomu" {flame, rF+ rC+ Stlth-}
   (You found it on level 10 of the Dungeon)

   It has been specially enchanted to burn those struck by it, causing extra
   injury to most foes and up to half again as much damage against particularly
   susceptible opponents.
   It protects you from fire.
   It protects you from cold.
   It makes you less stealthy.
Armour
 G - a +2 animal skin (worn)
Jewellery
 o - an uncursed ring of stealth
 q - a +3 ring of strength (right claw)
 s - an amulet of regeneration (around neck)
 z - a ring of protection from cold (left claw)
Wands
 p - a wand of polymorph (18)
 t - a wand of digging (4)
 v - a wand of random effects (26)
 y - a wand of flame (21)
 A - a wand of iceblast (7)
Scrolls
 d - 3 scrolls of noise
 h - 4 scrolls of fear
 i - 2 scrolls of teleportation
 l - 4 scrolls of remove curse
 n - 3 scrolls of fog
 u - a scroll of amnesia {unknown}
 B - a scroll of blinking
 C - a scroll of torment
 D - a scroll of immolation {unknown}
 E - a scroll of identify
 F - 2 scrolls of enchant weapon {unknown}
Potions
 c - a potion of mutation
 e - 2 potions of heal wounds
 f - 3 potions of agility
 g - 3 potions of curing
 j - a potion of ambrosia
 k - 2 potions of haste
 m - a potion of lignification
 r - 3 potions of flight
 w - 3 potions of brilliance
 H - a potion of resistance
Comestibles
 x - 23 rations


   Skills:
 - Level 9.0 Fighting
 + Level 8.1 Maces & Flails
 - Level 2.4 Dodging
 - Level 14.0 Unarmed Combat


You had 11 spell levels left.
You didn't know any spells.
Your spell library was empty.

Dungeon Overview and Level Annotations

Branches:
Dungeon (12/15)            Temple (1/1) D:6            Lair (0/6) D:10
    Orc: D:9-12

Altars:
Ashenzari
Cheibriados
Dithmenos
Elyvilon
Fedhas
Gozag
Hepliaklqana
Kikubaaqudgha
Makhleb
Nemelex Xobeh
Okawaru
Qazlal
Ru
Sif Muna
Trog
Uskayaw
Vehumet
Wu Jian
Xom
Yredelemnul
Zin
The Shining One

Shops:
D:4 ?   D:6 }   D:9 [   D:10 *[   D:11 !


Innate Abilities, Weirdness & Mutations

You are too large for most types of armour.
You have claws for hands.
Your metabolism is lightning-fast.
You like to eat raw meat.
Your natural rate of healing is unusually fast.
You are covered in fur. (AC +1)
You have extremely tough skin. (AC +3)


Message History

The steam dragon bites you.
* * * LOW HITPOINT WARNING * * *
The steam dragon closely misses you.
Two slime creatures merge to form a large slime creature.
You closely miss the steam dragon. Your claw misses the steam dragon.
The steam dragon is almost dead.
You whack the steam dragon!
Lightning courses through the steam dragon!
You kill the steam dragon!
Trog accepts your kill.
You have reached level 12!
Your experience leads to an increase in your attributes!
Your base attributes are Str 30, Int 3, Dex 9.
Increase (S)trength, (I)ntelligence, or (D)exterity?
You feel stronger. x2
You barely miss the large slime creature.
You are engulfed in a cloud of scalding steam.
* * * LOW HITPOINT WARNING * * *
The large slime creature hits you!!!
You die...

#...# ##+
#...# ..?.
#....
.....#...#
...#...###+##
.'...##...#
#J†.##...#
#.@.##...#
#§.§##...#
#...##...#
#.§.##.<.#
#.§.##...#
#...§....#
#...§....#
#........#
####+#####


You could see a large slime creature.

Vanquished Creatures
  A hydra (D:11)
  2 two-headed ogres
  An unseen horror (D:11)
  2 ugly things (D:11)
  A kobold demonologist (D:11)
  The ghost of endorz the Shield-Bearer, an amateur GnFi of the Shining One (D:3)
  Grinder (D:5)
  2 slime creatures (D:12)
  A hornet (D:8)
  3 hippogriffs
  3 wraiths
  3 wyverns
  Eustachio (D:5)
  10 yaks (D:10)
  2 hungry ghosts
  A steam dragon (D:12)
  Menkaure (D:6)
  2 water moccasins (D:9)
  A soldier ant (D:10)
  4 orc warriors
  3 porcupines (D:10)
  2 black bears
  2 eyes of draining (D:7)
  3 sky beasts
  3 ice beasts
  A necrophage (D:11)
  4 ogres
  15 centaurs
  5 crocodiles
  3 big kobolds
  8 bullfrogs
  3 water moccasin zombies
  A scorpion (D:7)
  7 killer bees (D:9)
  3 howler monkeys
  6 crimson imps
  3 bullfrog zombies
  3 quasits
  2 centaur zombies
  3 jellies (D:8)
  7 hounds
  11 orc wizards
  A bullfrog skeleton (D:5)
  An orc priest (D:5)
  Jessica (D:8)
  A gnoll shaman (D:9)
  3 iguanas (D:10)
  11 worker ants
  A hound skeleton (D:10)
  A worker ant zombie (D:6)
  4 gnolls
  2 howler monkey zombies
  A howler monkey skeleton (D:5)
  10 adders
  2 shadow imps
  7 oozes
  2 adder skeletons
  An adder zombie (D:7)
  5 worms
  3 dart slugs
  6 leopard geckos
  29 orcs
  3 ball pythons
  6 bats
  8 giant cockroaches
  5 goblins
  9 hobgoblins
  8 jackals
  10 quokkas
  4 frilled lizards
  2 goblin skeletons (D:7)
  2 goblin zombies (D:7)
  3 hobgoblin zombies (D:7)
  A jackal skeleton (D:7)
  24 kobolds
  4 kobold skeletons (D:7)
  2 kobold zombies (D:7)
  A leopard gecko skeleton (D:5)
  2 orc skeletons (D:7)
  6 rats
333 creatures vanquished.

Vanquished Creatures (collateral kills)
  Sonja (D:11)
  An orc (D:11)
  A ball python (D:8)
3 creatures vanquished.

Grand Total: 336 creatures vanquished

Notes
Turn   | Place    | Note
-------+----------+-------------------------------------------
     0 | D:1      | Tartanist the Troll Berserker began the quest for the Orb.
     0 | D:1      | Reached XP level 1. HP: 22/22 MP: 0/0
   190 | D:1      | Reached XP level 2. HP: 29/29 MP: 1/1
   392 | D:1      | Reached ** piety under Trog
   595 | D:1      | Reached XP level 3. HP: 32/36 MP: 2/2
   597 | D:1      | Reached skill level 4 in Unarmed Combat
  1002 | D:2      | Found a hide-covered altar of Uskayaw.
  1338 | D:3      | Noticed a bullfrog
  1353 | D:3      | HP: 2/54 [bullfrog (2)]
  1355 | D:3      | Killed a bullfrog
  1355 | D:3      | Reached skill level 5 in Unarmed Combat
  1355 | D:3      | Reached XP level 4. HP: 3/44 MP: 3/3
  1567 | D:3      | Reached XP level 5. HP: 52/52 MP: 4/4
  1606 | D:3      | Reached *** piety under Trog
  1618 | D:3      | Reached skill level 6 in Unarmed Combat
  1720 | D:3      | Found a runed translucent door.
  1724 | D:3      | Noticed endorz's ghost (amateur GnFi)
  1867 | D:4      | Reached XP level 6. HP: 61/61 MP: 5/5
  1943 | D:4      | Found a basalt altar of Yredelemnul.
  2093 | D:4      | Found Qookk's Magic Scroll Shop.
  2103 | D:4      | Bought a scroll of remove curse for 42 gold pieces
  2109 | D:4      | Bought a scroll of fear for 49 gold pieces
  2109 | D:4      | Bought a scroll of fear for 49 gold pieces
  2109 | D:4      | Bought a scroll of fog for 28 gold pieces
  2137 | D:4      | Reached skill level 7 in Unarmed Combat
  2412 | D:5      | Entered Level 5 of the Dungeon
  2529 | D:5      | Reached XP level 7. HP: 47/67 MP: 6/6
  2585 | D:5      | Noticed Eustachio
  2594 | D:5      | Killed Eustachio
  2594 | D:5      | Reached skill level 8 in Unarmed Combat
  2639 | D:5      | Found an iron altar of Okawaru.
  2654 | D:5      | Found a burning altar of Makhleb.
  2654 | D:5      | Found a shimmering altar of Xom.
  2673 | D:5      | Found a hazy altar of Hepliaklqana.
  2673 | D:5      | Found a sparkling altar of Nemelex Xobeh.
  2675 | D:5      | Found a stormy altar of Qazlal.
  2689 | D:5      | Reached **** piety under Trog
  2848 | D:5      | You fall through a shaft!
  2886 | D:6      | Reached skill level 9 in Unarmed Combat
  3023 | D:6      | Reached XP level 8. HP: 75/75 MP: 7/7
  3115 | D:6      | Reached skill level 10 in Unarmed Combat
  3210 | D:6      | Noticed Menkaure
  3213 | D:6      | Killed Menkaure
  3287 | D:6      | Reached skill level 11 in Unarmed Combat
  3448 | D:6      | Found a staircase to the Ecumenical Temple.
  3472 | D:6      | Found Siogim's Gadget Boutique.
  3963 | D:5      | Noticed Grinder
  3973 | D:5      | Killed Grinder
  3973 | D:5      | Reached XP level 9. HP: 83/83 MP: 8/8
  4277 | Temple   | Entered the Ecumenical Temple
  4679 | D:7      | Reached skill level 12 in Unarmed Combat
  4721 | D:7      | Found a glowing golden altar of the Shining One.
  5173 | D:7      | Found a bloodstained altar of Trog.
  5386 | D:8      | Reached skill level 13 in Unarmed Combat
  5403 | D:8      | Noticed Jessica
  5409 | D:8      | Killed Jessica
  5417 | D:8      | Found a deep blue altar of Sif Muna.
  5509 | D:8      | Noticed a two-headed ogre
  5515 | D:8      | Killed a two-headed ogre
  5622 | D:8      | Found a sacrificial altar of Ru.
  5628 | D:8      | Reached XP level 10. HP: 80/91 MP: 9/9
  5701 | D:8      | Reached skill level 14 in Unarmed Combat
  5832 | D:8      | Reached ***** piety under Trog
  6159 | D:9      | Reached skill level 5 in Fighting
  6442 | D:9      | Found a shattered altar of Ashenzari.
  6526 | D:9      | Found Cuv Saoj's Antique Armour Shop.
  6852 | D:10     | Entered Level 10 of the Dungeon
  6852 | D:10     | Found Waufu's Assorted Antiques.
  6866 | D:10     | Bought a scroll of identify for 54 gold pieces
  6866 | D:10     | Bought a potion of heal wounds for 135 gold pieces
  6873 | D:10     | Found a staircase to the Lair.
  6904 | D:10     | Received a gift from Trog
  6904 | D:10     | Reached XP level 11. HP: 60/111 MP: 10/10
  7278 | D:10     | Got a steaming whip
  7279 | D:10     | Identified the +5 whip of Defenestration {elec, rC+ MR++
                  | Str+2} (You found it on level 10 of the Dungeon)
  7735 | D:10     | Found Fodghy's Armour Emporium.
  8073 | D:10     | Reached skill level 1 in Maces & Flails
  8096 | D:10     | Got an ichor-stained flail
  8098 | D:10     | Identified the +8 flail "Coemmomu" {flame, rF+ rC+ Stlth-}
                  | (You found it on level 10 of the Dungeon)
  8279 | D:11     | Found Niaffaim's Distillery.
  8328 | D:11     | HP: 8/172 [poisoned by an orange demon]
  8331 | D:11     | HP: 3/115 [poisoned by an orange demon]
  8414 | D:11     | Noticed a two-headed ogre
  8421 | D:11     | Killed a two-headed ogre
  8486 | D:11     | Noticed a green ugly thing
  8501 | D:11     | Killed a green ugly thing
  8678 | D:11     | Killed an unseen horror
  8678 | D:11     | Reached skill level 5 in Maces & Flails
  8763 | D:11     | Noticed a cyan ugly thing
  8773 | D:11     | Killed a cyan ugly thing
  8903 | D:11     | Noticed an eight-headed hydra
  8925 | D:11     | Killed an eight-headed hydra
  9104 | D:11     | Noticed Sonja
  9112 | D:11     | Killed Sonja
  9608 | D:3      | Killed endorz's ghost
  9935 | D:12     | Reached XP level 12. HP: 30/123 MP: 11/11
  9936 | D:12     | Mangled by a large slime creature

Skill      XL: |  1  2  3  4  5  6  7  8  9 10 11 |
---------------+----------------------------------+-----
Unarmed Combat | 5 6 7 9 11 13 14 | 14.0
Fighting       | 3 8 9 |  9.0
Maces & Flails | 8 |  8.1
Dodging        | |  2.4

Action                   |  1- 3 |  4- 6 |  7- 9 | 10-12 || total
-------------------------+-------+-------+-------+-------++-------
Melee: Unarmed           |   128 |   149 |   232 |   219 ||   728
       Punch             |       |     3 |    10 |    28 ||    41
       Whip              |       |       |       |   208 ||   208
       Flail             |       |       |       |    15 ||    15
Invok: Berserk           |     1 |     1 |     3 |     5 ||    10
       Trog's Hand       |       |       |     2 |     2 ||     4
       Brothers in Arms  |       |       |     1 |     1 ||     2
Evoke: Wand              |       |       |       |     1 ||     1
  Use: Scroll            |     5 |     4 |    11 |     4 ||    24
       Potion            |       |       |       |     4 ||     4
 Stab: Sleeping          |       |       |     3 |     6 ||     9
       Distracted        |       |       |     1 |     1 ||     2
  Eat: Chunk             |    18 |    12 |    37 |    49 ||   116
Armor: Animal skin       |    45 |    54 |    86 |   166 ||   351
Dodge: Dodged            |    78 |    69 |   106 |   223 ||   476
